[Event "*** Titled Tuesday 3|2 Blitz"]
[Site "Chess.com"]
[Date "2017.06.06"]
[Round "8"]
[White "Quiet_Desperation"]
[Black "Paul66666"]
[Result "1/2-1/2"]
[WhiteElo "1988"]
[BlackElo "2534"]
[TimeControl "180+2"]
[EndTime "15:37:44 PDT"]
[Termination "Game drawn by agreement"]

1. e4 c5 2. Nf3 Nc6 3. d4 cxd4 4.
Nxd4 Nf6 5. Nc3 d6 6. Bc4 Qb6 7. Nb3 e6 8. Be3 Qc7 9. Bd3 a6 10. f4 Be7 11. O-O b5 12. a3 Bb7 13. Kh1 b4 14. axb4 Nxb4 15. Qe2 O-O 16. Rf3 Ng4 17. Bg1 f5 18. Rh3 Nxd3 19. cxd3 Bf6 20. Nd4 Rae8 21. Re1 Qd7 22. Qc2 Kh8 23. Qb3 Qc8 24. Rf3 h6 25. h3 Bxd4 26. Bxd4 e5 27. Bg1 fxe4 28. Nxe4 Bxe4 29. dxe4 Nf6 30. f5 d5 31.
exd5 e4 32. Rf4 Qc7 33. Bh2 Qc5 34. Qb7 a5 35. Bg1 Qd6 36. Bh2 Qc5 37. Bg1 Qd6 38. Bh2 Qd8 39. Qc6 e3 40. d6 e2 41. Rf2 Re4 42. Rfxe2 Rd4 43. Be5 Rd3 44. Bxf6 Qxf6 45. Re8 Rxe8 46. Qxe8+ Kh7 47. d7 Rd2 48. Qe6 Qg5 49. Qe4 Rxd7 50. f6+ Qg6 51. Qxg6+ Kxg6 52. fxg7 Kxg7 53. Re5 Rb7 54. Rxa5 Rxb2 55. Kh2 Rb3 56. Ra6 h5 57. h4 Rc3 58. g3 Rd3 59. Rb6 Rc3 60.
Re6 Rd3 61. Ra6 Rc3 62. Kh3 Rd3 63. Kh2 Rc3 64. Rb6 Rd3 1/2-1/2

[Event "*** Titled Tuesday 3|2 Blitz"]
[Site "Chess.com"]
[Date "2017.06.06"]
[Round "8"]
[White "the_drake"]
[Black "Blitzstream"]
[Result "1-0"]
[WhiteElo "2141"]
[BlackElo "2461"]
[TimeControl "180+2"]
[EndTime "15:37:44 PDT"]
[Termination "the_drake won by resignation"]

1. e4 e6 2. d4 d6 3. Nd2 Qe7 4. Bd3 Kd8 5. Ne2 Qe8 6. f3 b6 7. c4 Bb7 8. b4 a5 9. b5 Nd7 10. a4 g6 11. Bb2 Bg7 12. Qc2 e5 13. dxe5 Bxe5 14. Nb3 Ne7 15. O-O-O Kc8 16. Kb1 Qf8 17.
Nc3 Qg7 18. Nd5 Bxd5 19. exd5 Re8 20. f4 Bxb2 21. Qxb2 Qxb2+ 22. Kxb2 Nc5 23. Nxc5 dxc5 24. Rhe1 Kd7 25. Kc3 Ng8 26. g4 Nf6 27. h3 Rxe1 28.
Rxe1 Re8 29. Rxe8 Nxe8 30. Kd2 Nd6 31. Ke3 Ke7 32. f5 Kf6 33. Kf4 g5+ 34. Ke3 Ke5 35.
Be2 h5 36. Bd3 h4 37. Be2 Ne4 38. Bd3 Ng3 39. Bc2 Nf1+ 40. Ke2 Kd4 41. Kxf1 f6 42. Bd1 Kxc4 43. Ke2 Kd4 44. Kd2 Ke4 45. Ke2 Kd4 46. Kd2 Ke4 47. Ke2 Kd4 48. Bc2 Kc3 49. Kd1 Kc4 50. Kd2 Kd4 51. Bd3 Kxd5 52. Ke3 Ke5 53.
Be4 c4 54. Bf3 c3 55. Be4 Kd6 56. Kd4 c5+ 57. bxc6 c2 58. Bxc2 Kxc6 59. Be4+ Kd6 1-0

[Event "*** Titled Tuesday 3|2 Blitz"]
[Site "Chess.com"]
[Date "2017.06.06"]
[Round "8"]
[White "northridgehawk"]
[Black "Abrito99"]
[Result "1-0"]
[WhiteElo "2129"]
[BlackElo "2310"]
[TimeControl "180+2"]
[EndTime "15:37:58 PDT"]
[Termination "northridgehawk won on time"]

1. d4 Nf6 2. Bf4 b6 3. e3 Bb7 4. Nf3 g6 5. Bd3 Bg7 6. Nbd2 d6 7. h3 O-O 8. O-O Nbd7 9. Bh2 Re8 10. e4 e5 11. Re1 exd4 12. Nxd4 Nc5 13. Bb5 Nfd7 14. c3 a6 15. Bc6 Bxd4 16. Bxb7 Bxf2+ 17. Kxf2 Nxb7 18. Nf3 Nbc5 19. Qd4 Qf6 20. Qxf6 Nxf6 21.
e5 Nd3+ 22. Kg1 Nxe1 23. Rxe1 Nd7 24. exd6 Rxe1+ 25. Nxe1 cxd6 26. Bxd6 Re8 27. Kf2 Nf6 28. Bc7 Ne4+ 29. Kf3 Nd2+ 30. Kf2 b5 31. Nd3 Nc4 32. Bf4 Rd8 33. Ke2 f6 34. b3 Re8+ 35. Kf2 Nb6 36. Nb4 a5 37. Nc6 a4 38. Nd4 Nd5 39. Bd2 Rb8 40. Ke2 Kf7 41. Kd3 Nc7 42. Bf4 Rb7 43. Bxc7 Rxc7 44. Nxb5 Rd7+ 45. Nd4 axb3 46. axb3 f5 47.
b4 Ke7 48. b5 Kd6 49. Kc4 Rc7+ 50. Kb4 f4 51. c4 g5 52. b6 Rc8 53. Kb5 Rc5+ 54. Kb4 Rc8 55. Nb5+ Kd7 56. c5 h5 57.
Na7 g4 58. Nxc8 f3 59. gxf3 gxf3 60. b7 Kc7 61. Ne7 f2 62. Nd5+ 1-0

[Event "*** Titled Tuesday 3|2 Blitz"]
[Site "Chess.com"]
[Date "2017.06.06"]
[Round "8"]
[White "Kawhi_Leonard2"]
[Black "H16"]
[Result "1/2-1/2"]
[WhiteElo "2205"]
[BlackElo "2292"]
[TimeControl "180+2"]
[EndTime "15:38:00 PDT"]
[Termination "Game drawn by repetition"]

1. e4 c5 2. Nf3 d6 3. d4 Nf6 4.
Nc3 cxd4 5. Nxd4 a6 6. Bg5 e6 7. f4 h6 8. Bh4 Qb6 9. a3 Nbd7 10. Bf2 Qc7 11. Qf3 b5 12. Bd3 Bb7 13. O-O Be7 14. Rae1 O-O 15. Qh3 Nc5 16. e5 dxe5 17.
fxe5 Nfd7 18. Kh1 Rad8 19. Bg3 Nxd3 20. cxd3 Nc5 21. Bf2 Rd7 22. b4 Nb3 23. Ncxb5 axb5 24. Nxb3 Qc3 25. Nc5 Bxc5 26. Bxc5 Rxd3 27. Qg4 Rd2 28. Re2 Bf3 29. Qxf3 Qxf3 30. gxf3 Rxe2 31. Bxf8 Kxf8 32. f4 Rc2 33. f5 exf5 34. Rxf5 Ke7 35. e6 fxe6 36.
Rxb5 g5 37. a4 Kd6 38. a5 e5 39. Rb6+ Kd5 40. a6 e4 41. a7 Ra2 42. Rb7 e3 43. Re7 e2 44. Rxe2 Rxa7 45. Kg2 Rb7 46. Rb2 Kc4 47.
Kg3 h5 48. h4 g4 49. Rc2+ Kd4 50. Rc5 Rxb4 51. Rxh5 Ke3 52. Rg5 Rb8 53. Kxg4 Ke4 54. h5 Rh8 55. Rg6 Ke5 56. Kg5 Rc8 57. h6 Rc1 58.
Rg7 Rg1+ 59. Kh5 Rh1+ 60. Kg6 Rg1+ 61. Kh7 Rc1 62. Kg6 Rg1+ 63. Kf7 Rh1 64. Rg6 Kf5 65. Ra6 Kg5 66. Kg7 Rb1 67. Ra5+ Kg4 68. h7 Rb7+ 69. Kg6 Rb6+ 70. Kg7 Rb7+ 71. Kg6 Rb6+ 72. Kg7 Rb7+ 1/2-1/2

[Event "*** Titled Tuesday 3|2 Blitz"]
[Site "Chess.com"]
[Date "2017.06.06"]
[Round "8"]
[White "GMHess"]
[Black "wonderfultime"]
[Result "1-0"]
[WhiteElo "2635"]
[BlackElo "2651"]
[TimeControl "180+2"]
[EndTime "15:38:06 PDT"]
[Termination "GMHess won by resignation"]

1. d4 Nf6 2. c4 e6 3. Nc3 Bb4 4. Qc2 O-O 5. a3 Bxc3+ 6. Qxc3 b6 7. Nf3 Bb7 8. g3 d6 9. Bg2 Nbd7 10. O-O Qe7 11. Rd1 Be4 12. b4 Rfc8 13. Bf4 h6 14. Rac1 Qe8 15. Qb2 Nf8 16. Bd2 Ng6 17. Bc3 b5 18. Bf1 bxc4 19. Nd2 Bb7 20.
d5 Nxd5 21. Bxg7 e5 22. Nxc4 Kxg7 23. Na5 Ne3 24. fxe3 Be4 25. Rc4 d5 26. Rc5 Qe7 27.
Bg2 Qg5 28. Qc1 Rd8 29. Bxe4 dxe4 30. Rf1 Rd7 31. Nc4 Rad8 32. Qc3 f6 33. Rc6 Rf7 34.
Na5 Rdd7 35. Nb3 Nf8 36. Nc5 Rd6 37. Rxd6 cxd6 38. Nxe4 Qg4 39. Nxd6 Rd7 40. Nf5+ Kh7 41. Qc2 Qg6 42. Qc5 Rf7 43. Nh4 Qe4 44. Qc3 Qg4 45.
Qd3+ Kh8 46. Kg2 h5 47. h3 Qg5 48. Rf5 Qh6 49. e4 Ne6 50. Qb3 Re7 51. Qf3 Ng5 52.
Qd3 Kh7 53. Qd6 Rf7 54. Qd3 Qf8 55. Nf3 Ne6 56. Rxh5+ Kg6 57. Rf5 Qc8 58. Qd5 Qc2 59. Nxe5+ Kg7 60. Nxf7 Nc7 61. Qd3 Qc6 62. Nd6 Ne6 63.
Qd5 Qc2 64. Qb7+ Kh6 65. Rxf6+ Kg5 66. Rf5+ Kh6 67. Nf7+ Kg6 68. Ne5+ Kh6 69. Ng4+ 1-0

[Event "*** Titled Tuesday 3|2 Blitz"]
[Site "Chess.com"]
[Date "2017.06.06"]
[Round "8"]
[White "Illingworth"]
[Black "GMNeiksans"]
[Result "1/2-1/2"]
[WhiteElo "2710"]
[BlackElo "2684"]
[TimeControl "180+2"]
[EndTime "15:38:13 PDT"]
[Termination "Game drawn by repetition"]

1. d4 Nf6 2. c4 e6 3. Nc3 Bb4 4.
e3 O-O 5. Ne2 Re8 6. a3 Bf8 7.
Ng3 d5 8. cxd5 exd5 9. Bd3 b6 10. O-O Bb7 11. b4 g6 12. Rb1 Bg7 13. a4 c6 14. Ba3 Nbd7 15. Qb3 h5 16. Rfd1 Rc8 17.
a5 b5 18. Nge2 Nf8 19. Qc2 Rc7 20. Nc1 Bc8 21. Nb3 Bg4 22. Re1 h4 23. h3 Bc8 24.
Nc5 N8h7 25. Ne2 Ng5 26. Nf4 Nge4 27. Nxe4 dxe4 28. Be2 g5 29. Nh5 Nxh5 30. Bxh5 Qd5 31. Rbc1 Be6 32. Qd2 Bf8 33. Rc3 Qd7 34. Rec1 Bd5 35.
Be2 a6 36. Bd1 Qe6 37. Qb2 f5 38. Bb3 Rg7 39. Bxd5 cxd5 40. Rc6 Bd6 41. Kf1 g4 42. hxg4 fxg4 43. Rxa6 h3 44. g3 Qf6 45. Qe2 Re6 46. Ra8+ Kh7 47. Kg1 Rf7 48. Rc2 Qf5 49. a6 Ree7 50.
Rd8 Rd7 51. Rxd7 Qxd7 52. a7 Qxa7 53. Qxg4 Qxa3 54. Qh5+ Kg7 55. Qg5+ Kh7 56. Qh5+ Kg7 57. Qg5+ Kh7 58. Kh2 Qd3 59. Qh5+ Kg7 60. Qg5+ Kh7 61. Qh5+ Kg7 62. Qg5+ Kh7 63. Qh5+ Kg7 64. Qg5+ Kh7 65.
Qh5+ Kg7 66. Qg5+ Kh7 1/2-1/2

[Event "*** Titled Tuesday 3|2 Blitz"]
[Site "Chess.com"]
[Date "2017.06.06"]
[Round "8"]
[White "Spartakus1975"]
[Black "IIIlllII1llIl"]
[Result "0-1"]
[WhiteElo "2586"]
[BlackElo "2538"]
[TimeControl "180+2"]
[EndTime "15:38:20 PDT"]
[Termination "IIIlllII1llIl won by resignation"]

1. e4 e5 2. Nf3 Nc6 3. Bb5 Nf6 4. O-O d6 5. d4 exd4 6. Nxd4 Bd7 7. Bxc6 bxc6 8.
Qf3 c5 9. Nf5 Bxf5 10. Qxf5 Nd7 11. Nc3 Be7 12. Bf4 O-O 13. Nd5 Nb6 14. Ne3 Bf6 15. c3 g6 16. Qh3 Re8 17. Qf3 Qe7 18.
Rae1 Bg7 19. Nc2 Na4 20. Ne3 Nxb2 21. Nd5 Qd8 22. h4 h6 23. h5 Nc4 24. hxg6 fxg6 25. Qg3 Kh7 26. Qd3 Nb6 27. Ne3 Qf6 28. g3 Qxc3 29. Qb1 Qb4 30. Qd1 Rxe4 31. a3 Qd4 32. Qg4 Rf8 33. Rd1 Qa4 34. Qh3 Rexf4 35. gxf4 Rxf4 36.
Ng2 Rg4 37. Rfe1 Rg5 38. Rd3 Nd5 39. Rg3 Nf4 40. Nxf4 Qxf4 41. Re7 Rxg3+ 42. Qxg3 Qc1+ 43. Kg2 c4 44. Qg4 d5 45. Kh2 c3 46. Qd7 Qf4+ 47.
Kg2 Qf6 48. Rf7 Qe5 49. Re7 Qf6 50. Rf7 Qd4 51. Re7 h5 52. Qxc7 Kh6 53. Rd7 Qe4+ 54. Kf1 c2 55. Re7 Qc4+ 56. Qxc4 dxc4 57. Re1 Bb2 58.
Ke2 c1=Q 59. Rxc1 Bxc1 60. a4 h4 61. Kf3 c3 62. Kg4 Bb2 0-1

[Event "*** Titled Tuesday 3|2 Blitz"]
[Site "Chess.com"]
[Date "2017.06.06"]
[Round "8"]
[White "viggi38"]
[Black "stefanodinn"]
[Result "1/2-1/2"]
[WhiteElo "2135"]
[BlackElo "2257"]
[TimeControl "180+2"]
[EndTime "15:38:59 PDT"]
[Termination "Game drawn by stalemate"]

1. d4 Nf6 2. c4 g6 3. Nc3 d5 4.
cxd5 Nxd5 5. Na4 Bg7 6. e4 Nb6 7. Be3 O-O 8. Be2 Nc6 9. Nf3 Bg4 10. e5 f6 11. Nc5 fxe5 12. Qb3+ Kh8 13. dxe5 Qd5 14.
h3 Qxb3 15. axb3 Bxf3 16. Bxf3 Nxe5 17. Bxb7 Rab8 18. Be4 Ned7 19. Ne6 Bxb2 20. Rxa7 Rfc8 21. Rxc7 Rxc7 22. Nxc7 Rc8 23. Nb5 Bc1 24. Bb7 Rb8 25. Bxc1 Rxb7 26. O-O Kg7 27. Bb2+ Kf7 28. Re1 Nf6 29.
Bxf6 Kxf6 30. Nd4 Kf7 31. f4 Nd5 32. g3 Rb4 33. Rd1 Ne3 34. Rd3 Nd5 35. Nc6 Rb5 36. Ne5+ Kf6 37. Kf2 Nb4 38. Rc3 Nd5 39. Rc6+ Kg7 40. Rc8 Rxb3 41. Rd8 Rb5 42. Kf3 Rb3+ 43. Kg4 Nf6+ 44. Kh4 Rb7 45. g4 h6 46. Rd4 Rb5 47. g5 hxg5+ 48. Kxg5 Nh7+ 49. Kh4 g5+ 50. Kg4 gxf4 51.
Kxf4 Nf6 52. Rd2 Rb4+ 53. Kf5 Rb5 54. Rg2+ Kf8 55. Ke6 Rb6+ 56. Kf5 Rb5 57. h4 Nd7 58. Re2 Nxe5 59. Rxe5 Rb4 60. h5 Kf7 61. Kg5 Rb1 62. Rf5+ Kg8 63. Kg6 Rg1+ 64. Kh6 Rg2 65. Re5 Kf7 66.
Kh7 Kf6 67. Re3 e5 68. h6 Kf5 69. Kh8 e4 70. h7 Kf4 71. Ra3 e3 72. Ra7 e2 73.
Rf7+ Ke3 74. Re7+ Kd2 75. Re6 e1=Q 76. Rxe1 Kxe1 1/2-1/2

[Event "*** Titled Tuesday 3|2 Blitz"]
[Site "Chess.com"]
[Date "2017.06.06"]
[Round "8"]
[White "robbykevlishvili"]
[Black "Federtiu"]
[Result "0-1"]
[WhiteElo "2110"]
[BlackElo "2450"]
[TimeControl "180+2"]
[EndTime "15:39:03 PDT"]
[Termination "Federtiu won on time"]

1. e4 c5 2. Nf3 Nc6 3. d4 cxd4 4.
Nxd4 e5 5. Nb5 d6 6. c4 Be7 7. N1c3 a6 8. Na3 h6 9. g3 Bg5 10.
Bg2 Nf6 11. O-O Bxc1 12. Rxc1 O-O 13. Nc2 Bg4 14. Qd2 Qb6 15. b3 Rfd8 16. h3 Be6 17. Kh2 Ne8 18. f4 f6 19. Rcd1 Qc5 20. a4 Nc7 21. Nd5 Rac8 22. Rc1 Qa7 23. a5 Bf7 24. Nb6 Rb8 25. h4 Ne6 26. Ne3 Ned4 27. Rb1 Nxa5 28. Ned5 Bxd5 29. Nxd5 Nac6 30. b4 Re8 31. b5 axb5 32. cxb5 Ne7 33. Ra1 Qc5 34. Rfc1 Qxb5 35. Nc7 Qe2 36. Qxe2 Nxe2 37. Re1 Rec8 38. Nb5 Nd4 39. Nxd4 exd4 40. Red1 Rc4 41. Bh3 Kf7 42. Ra2 b5 43. Rb2 Nc6 44. Bf1 Rc5 45.
Ra1 b4 46. Kg2 b3 47. Rab1 Rc2+ 48. Kf3 Rc3+ 49. Kg4 g6 50. Rxb3 Rbxb3 51. Rxb3 Rxb3 52. Bc4+ Ke7 53. Bxb3 d3 54. h5 g5 55. Ba4 Nd4 56. Bd1 Nb5 57. Kf5 Kf7 58. Bb3+ Kg7 59. Bd1 Nc3 60.
Bb3 d2 61. Ke6 Nxe4 62. f5 Nc3 63. Kxd6 d1=Q+ 64. Bxd1 Nxd1 65. Ke7 Ne3 66. Ke6 g4 67. Ke7 Nxf5+ 68. Ke6 Nxg3 69. Kd5 Nxh5 70. Ke4 Kg6 0-1

[Event "*** Titled Tuesday 3|2 Blitz"]
[Site "Chess.com"]
[Date "2017.06.06"]
[Round "8"]
[White "Grebeniuk-S"]
[Black "andreimacovei2000"]
[Result "1/2-1/2"]
[WhiteElo "2434"]
[BlackElo "2384"]
[TimeControl "180+2"]
[EndTime "15:40:50 PDT"]
[Termination "Game drawn by 50-move rule"]

1. e4 c5 2. d3 d6 3. g3 Nc6 4. Bg2 g6 5. f4 Bg7 6. Nf3 Nf6 7. O-O O-O 8. h3 b5 9. Nc3 b4 10. Ne2 a5 11. g4 Nd7 12. Rb1 a4 13. a3 Ba6 14. Be3 Rb8 15. axb4 Rxb4 16. c3 Rb6 17.
Qc2 Rb8 18. Rfd1 Qa5 19. Ra1 Nb6 20. Bc1 Bb5 21. h4 Qa7 22. h5 Qd7 23. f5 Ne5 24. Nxe5 Bxe5 25. hxg6 fxg6 26. Nf4 Bc6 27. Ne6 Rf6 28.
Qe2 Bb5 29. Be3 Rxe6 30. fxe6 Qxe6 31. Rf1 Nd7 32. Rf2 Nf6 33. Bh3 Bd7 34. Raf1 Nxg4 35. Rg2 h5 36. Bxg4 hxg4 37. d4 cxd4 38. cxd4 Bg7 39.
Rf4 Rb3 40. Rfxg4 Qxg4 41. Rxg4 Bxg4 42. Qxg4 Rxe3 43. Qxg6 Rb3 44. Qe6+ Kf8 45. Qc4 Rxb2 46. Qxa4 Rd2 47. e5 dxe5 48. dxe5 Bxe5 49. Qe4 Bf6 50.
Qf5 Rd4 51. Qc8+ Kf7 52. Qf5 Rd6 53. Qh5+ Ke6 54. Qg4+ Kd5 55. Qf3+ Kc5 56. Qa3+ Kc6 57. Qa4+ Kd5 58. Qb3+ Ke4 59. Kf1 Bd4 60. Qc2+ Ke5 61. Qc7 Kf6 62. Qc8 e5 63. Qh8+ Ke6 64. Qe8+ Kd5 65. Qb5+ Bc5 66. Qd3+ Kc6 67. Qa6+ Kd7 68.
Qb5+ Rc6 69. Qb7+ Kd6 70. Qb8+ Kd5 71. Qb3+ Kd6 72. Qb8+ Kd7 73. Ke2 Bd6 74. Qb7+ Rc7 75. Qb5+ Ke7 76. Kd3 Rc5 77. Qb7+ Rc7 78. Qa8 e4+ 79.
Qxe4+ Kd7 80. Qh7+ Kc6 81. Qe4+ Kd7 82. Qf5+ Kc6 83.
Qe6 Re7 84. Qc4+ Kd7 85. Qb5+ Kc7 86. Kd4 Re5 87. Qc4+ Kd7 88. Qf7+ Kc6 89. Qf3+ Kd7 90. Qb7+ Ke6 91. Qc8+ Ke7 92. Qg4 Rc5 93. Qg7+ Ke6 94.
Qg6+ Ke7 95. Qh7+ Ke6 96. Qg8+ Ke7 97. Ke4 Re5+ 98. Kd4 Rc5 99. Qa8 Re5 100. Kd3 Rc5 101. Qa7+ Ke6 102. Qh7 Re5 103. Qh6+ Ke7 104. Kc4 Rc5+ 105. Kb3 Re5 106. Qg7+ Ke6 107. Qg6+ Ke7 108. Ka4 Rc5 109. Qg7+ Ke6 110. Qg8+ Ke7 111. Qa8 Ke6 112. Qe4+ Kd7 113. Qg4+ Ke7 114. Kb3 Re5 115. Kc2 Rc5+ 116. Kd1 Re5 117. Kd2 Rd5+ 118. Ke2 Re5+ 119. Kf1 Rc5 120. Qd4 Re5 121. Kg2 Rc5 122. Qe4+ Re5 123. Qb7+ Ke6 124. Kf3 Rc5 125. Qa8 Ke7 126. Kg4 Re5 127. Qc6 Rc5 128. Qa4 Re5 129. Qa2 Rc5 130. Qe2+ Re5 131. Qd1 Rc5 132. Kh3 Re5 133. Qg4 1/2-1/2

[Event "*** Titled Tuesday 3|2 Blitz"]
[Site "Chess.com"]
[Date "2017.06.06"]
[Round "9"]
[White "yian123"]
[Black "Squirlolz"]
[Result "0-1"]
[WhiteElo "2395"]
[BlackElo "2363"]
[TimeControl "180+2"]
[EndTime "15:41:57 PDT"]
[Termination "Squirlolz won by resignation"]

1. e4 e6 2. d4 d5 3. Nd2 c5 4.
Ngf3 cxd4 5. Nxd4 Nc6 6. Bb5 Bd7 7. Nxc6 bxc6 8. Bd3 Bd6 9. O-O Qc7 10. h3 e5 11.
Qg4 Bxg4 0-1

[Event "*** Titled Tuesday 3|2 Blitz"]
[Site "Chess.com"]
[Date "2017.06.06"]
[Round "9"]
[White "angieflynn"]
[Black "LonesomeGeorge1"]
[Result "0-1"]
[WhiteElo "1765"]
[BlackElo "2235"]
[TimeControl "180+2"]
[EndTime "15:44:55 PDT"]
[Termination "LonesomeGeorge1 won by resignation"]

1. Nf3 Nc6 2. c4 e5 3. d3 f5 4. b3 Nf6 5. Bb2 d6 6. g3 Be7 7. Bg2 O-O 8. O-O Qe8 9. Nc3 Qh5 10. Qd2 f4 11. gxf4 Bh3 12. Bxh3 Qxh3 13. Ne4 Ng4 14.
Rfd1 Rxf4 15. Qe3 0-1

[Event "*** Titled Tuesday 3|2 Blitz"]
[Site "Chess.com"]
[Date "2017.06.06"]
[Round "9"]
[White "PaulfromSPb"]
[Black "Ivan11Martic"]
[Result "1-0"]
[WhiteElo "2577"]
[BlackElo "2394"]
[TimeControl "180+2"]
[EndTime "15:44:58 PDT"]
[Termination "PaulfromSPb won by checkmate"]

1. e4 c5 2. Ne2 Nc6 3. g3 g6 4.
Bg2 Bg7 5. O-O d6 6. c3 Nf6 7. d4 cxd4 8. cxd4 O-O 9. Nbc3 Bd7 10. h3 Rc8 11. Be3 a6 12. Rc1 Qa5 13. a3 b5 14.
f4 b4 15. axb4 Nxb4 16. e5 dxe5 17. dxe5 Rfd8 18. exf6 Bxh3 19. Bxh3 Rxd1 20. Rfxd1 Rd8 21. fxg7 Kxg7 22. Rxd8 Qxd8 23. Rd1 Qa5 24. Bd4+ f6 25. Bg2 Nc2 26. Bf2 Qb4 27. Rd7 Qxb2 28. Rxe7+ Kh6 29. g4 Nb4 30. Be3 Nc2 31. g5+ fxg5 32. fxg5+ Kh5 33.
Bf3+ Kh4 34. Rxh7# 1-0

[Event "*** Titled Tuesday 3|2 Blitz"]
[Site "Chess.com"]
[Date "2017.06.06"]
[Round "9"]
[White "Rating-Schmating"]
[Black "viggi38"]
[Result "0-1"]
[WhiteElo "2303"]
[BlackElo "2147"]
[TimeControl "180+2"]
[EndTime "15:45:51 PDT"]
[Termination "viggi38 won by checkmate"]

1. e4 d5 2. exd5 Qxd5 3. Nc3 Qd6 4. Nf3 Bg4 5. g3 Qe6+ 6. Qe2 Bxf3 7. Qxe6 fxe6 8. Rg1 Nc6 9. b3 Nb4 10. Bd3 O-O-O 11. Bb2 Rxd3 12. cxd3 Nc2+ 13. Kf1 Nxa1 14. Bxa1 Nf6 15. h3 g6 16. g4 Bg7 17. Nb5 a6 18.
Nd4 Bd5 19. f4 Nd7 20. Ke2 c5 21. Nc2 Bxa1 22. Rxa1 Rf8 23. Rf1 e5 24. Ne3 Bc6 25. f5 gxf5 26. gxf5 Nf6 27. Nc4 e4 28. Ne5 exd3+ 29.
Kxd3 Bb5+ 30. Ke3 Bxf1 31. Ng6 hxg6 32. Kf3 gxf5 33. Kf4 Bxh3 34. Ke5 Ng4+ 35. Ke6 Kd8 36. Kd5 Rf6 37. Kc4 Rd6 38. b4 Ne5+ 39. Kb3 c4+ 40.
Ka4 Bg4 41. Ka5 Bd1 42. a4 Kc7 43. d4 Nc6# 0-1

[Event "*** Titled Tuesday 3|2 Blitz"]
[Site "Chess.com"]
[Date "2017.06.06"]
[Round "9"]
[White "Ind1anStar"]
[Black "axvesik"]
[Result "1/2-1/2"]
[WhiteElo "2310"]
[BlackElo "2347"]
[TimeControl "180+2"]
[EndTime "15:46:18 PDT"]
[Termination "Game drawn by repetition"]

1. e4 e6 2. d4 d5 3. Nd2 Be7 4.
Ngf3 Nf6 5. Bd3 c5 6. c3 cxd4 7. Nxd4 dxe4 8. Nxe4 O-O 9. O-O Nbd7 10. Nxf6+ Nxf6 11.
Qe2 a6 12. Bg5 Qc7 13. h3 b5 14. Bxf6 gxf6 15. Rfe1 Bc5 16. Qh5 f5 17. Qg5+ Kh8 18. Qf6+ Kg8 19. Nxf5 exf5 20. Qg5+ Kh8 21. Qf6+ Kg8 22.
Qg5+ Kh8 23. Qf6+ Kg8 24. Qg5+ Kh8 25. Qf6+ 1/2-1/2

[Event "*** Titled Tuesday 3|2 Blitz"]
[Site "Chess.com"]
[Date "2017.06.06"]
[Round "9"]
[White "kleinebeer98"]
[Black "Batica1984"]
[Result "0-1"]
[WhiteElo "2461"]
[BlackElo "2545"]
[TimeControl "180+2"]
[EndTime "15:46:50 PDT"]
[Termination "Batica1984 won by resignation"]

1. e4 c5 2. Nf3 e6 3. b3 a6 4. c4 Nc6 5. Bb2 Qc7 6. g3 Nf6 7. e5 Ng4 8. Qe2 b5 9. h3 Nh6 10. Bg2 bxc4 11. Qxc4 Rb8 12. O-O Rb4 13. Qe2 Nf5 14. Nc3 Bb7 15. Ba3 Ncd4 16. Qd3 Nxf3+ 17. Bxf3 Rd4 18. Qe2 Be7 19. Rac1 O-O 20. Bxb7 Qxb7 21. Na4 Rxa4 22. bxa4 Nd4 23. Qg4 Nf3+ 24. Kh1 Nxe5+ 0-1

[Event "*** Titled Tuesday 3|2 Blitz"]
[Site "Chess.com"]
[Date "2017.06.06"]
[Round "9"]
[White "Abrito99"]
[Black "Jahonas"]
[Result "1-0"]
[WhiteElo "2315"]
[BlackElo "2189"]
[TimeControl "180+2"]
[EndTime "15:47:00 PDT"]
[Termination "Abrito99 won by resignation"]

1. e4 c6 2. Nf3 d5 3. Nc3 d4 4.
Ne2 c5 5. Ng3 Nc6 6. Bc4 e6 7.
O-O Nf6 8. a4 Be7 9. d3 Qc7 10.
Bd2 Bd7 11. a5 h5 12. Ne2 Ng4 13. h3 Nge5 14. Nxe5 Nxe5 15. Bb3 g5 16. f4 gxf4 17. Bxf4 Bd6 18. Bg5 Rg8 19. Qd2 Bb5 20. Ba4 Bxa4 21. Rxa4 Be7 22. Bxe7 Qxe7 23. Qf4 Qg5 24. Qxg5 Rxg5 25.
b4 cxb4 26. Rxb4 Nc6 27. Rxb7 O-O-O 28. Rfxf7 Rdg8 29. Rfc7+ Kd8 30. Rxc6 Rxg2+ 31. Kf1 Rh2 32. Rb8+ Kd7 33. Rxg8 Kxc6 1-0

[Event "*** Titled Tuesday 3|2 Blitz"]
[Site "Chess.com"]
[Date "2017.06.06"]
[Round "9"]
[White "Indianlad"]
[Black "Patov"]
[Result "0-1"]
[WhiteElo "2573"]
[BlackElo "2344"]
[TimeControl "180+2"]
[EndTime "15:47:05 PDT"]
[Termination "Patov won by resignation"]

1. e4 c5 2. Nf3 Nc6 3. d4 cxd4 4.
Nxd4 Qb6 5. Nb5 Nf6 6. Be3 Qd8 7. N1c3 a6 8. Nd4 e5 9. Nxc6 bxc6 10. Bc4 Bb4 11. O-O O-O 12. Qf3 d5 13. exd5 Bxc3 14. bxc3 cxd5 15. Bb3 Qc7 16. Qg3 Ne4 17. Qh4 Nxc3 18.
f4 f6 19. fxe5 Qxe5 20. Rae1 Bb7 21. Kh1 Ne4 22. Bf4 Qe8 23. c4 g5 24. Qg4 Nf2+ 25.
Kg1 Nxg4 26. Rxe8 Rfxe8 27. Bd2 Re2 28. Bb4 Ne3 29. Rxf6 Rxg2+ 30. Kh1 dxc4 0-1

[Event "*** Titled Tuesday 3|2 Blitz"]
[Site "Chess.com"]
[Date "2017.06.06"]
[Round "9"]
[White "Pierrebl"]
[Black "mwpchess"]
[Result "0-1"]
[WhiteElo "2541"]
[BlackElo "2486"]
[TimeControl "180+2"]
[EndTime "15:47:07 PDT"]
[Termination "mwpchess won by resignation"]

1. e4 c6 2. d4 d5 3. e5 Bf5 4. Nf3 e6 5. Be2 c5 6. Be3 Qb6 7. Nc3 Nc6 8. O-O Qxb2 9. Qb1 Qxb1 10. Rfxb1 O-O-O 11. Nb5 c4 12. Ne1 a6 13. Nc3 Bb4 14. Na4 Bxe1 15. Rxe1 Bxc2 16. Nc5 b6 17.
Rec1 bxc5 18. Rxc2 cxd4 19. Bg5 Nge7 20. Bh5 g6 21. Bf3 Kd7 22. Bf6 Rhg8 23. Rb2 Rb8 24. Rb5 Rxb5 25. Be4 dxe4 26. Bg7 Rxg7 27. Rd1 Rd5 28.
h3 Nxe5 29. Rd3 Nxd3 0-1

[Event "*** Titled Tuesday 3|2 Blitz"]
[Site "Chess.com"]
[Date "2017.06.06"]
[Round "9"]
[White "Fy_Rakotomaharo"]
[Black "Divertissement"]
[Result "1-0"]
[WhiteElo "2413"]
[BlackElo "2407"]
[TimeControl "180+2"]
[EndTime "15:47:15 PDT"]
[Termination "Fy_Rakotomaharo won by resignation"]

1. d4 Nf6 2. c4 g6 3. Nc3 d5 4. cxd5 Nxd5 5. e4 Nxc3 6. bxc3 Bg7 7.
Be3 c5 8. Qd2 O-O 9. Nf3 Qa5 10.
Rc1 cxd4 11. cxd4 Qxd2+ 12. Nxd2 Nc6 13. Nb3 Nb4 14. a3 Nc6 15. d5 Nb8 16. Bb5 b6 17. Rc7 a6 18. Be2 b5 19. O-O Nd7 20. Rfc1 Nf6 21. f3 e6 22. d6 Rd8 23. Na5 Ne8 24.
Rxc8 Raxc8 25. Rxc8 Rxc8 26. d7 Rd8 27. dxe8=Q+ Rxe8 28. Nc6 Bf8 29. a4 bxa4 30. Bxa6 a3 31. Bd4 a2 32. Ba1 Rc8 33. Bxc8 1-0

[Event "*** Titled Tuesday 3|2 Blitz"]
[Site "Chess.com"]
[Date "2017.06.06"]
[Round "9"]
[White "SabinaFoisor"]
[Black "nurmiTV"]
[Result "1-0"]
[WhiteElo "2312"]
[BlackElo "2449"]
[TimeControl "180+2"]
[EndTime "15:47:18 PDT"]
[Termination "SabinaFoisor won by resignation"]

1. d4 Nf6 2. Bf4 d5 3. e3 c5 4. c3 Nc6 5. Nf3 Qb6 6. Qb3 c4 7. Qxb6 axb6 8. Na3 Ra5 9. Be2 Bf5 10. Bc7 e5 11.
Bxb6 Bxa3 12. bxa3 Rxa3 13. Bc5 Rxc3 14. Nxe5 Nd7 15.
Nxc6 Nxc5 16. Nb4 Ne4 17. Nxd5 Rc2 18. f3 Nc3 19. Nxc3 Rxc3 20. e4 Bd7 21. Kd2 Ra3 22. Bxc4 O-O 23. Rhb1 Rb8 24. Rb4 1-0

[Event "*** Titled Tuesday 3|2 Blitz"]
[Site "Chess.com"]
[Date "2017.06.06"]
[Round "9"]
[White "AdrianaNikolova"]
[Black "Enzy63"]
[Result "1-0"]
[WhiteElo "2306"]
[BlackElo "2044"]
[TimeControl "180+2"]
[EndTime "15:47:31 PDT"]
[Termination "AdrianaNikolova won by resignation"]

1. e4 e5 2. Nf3 Nc6 3. Nc3 Nf6 4.
Bb5 Bc5 5. Nxe5 Nxe5 6. d4 a6 7.
Be2 Bd6 8. f4 Nc6 9. e5 Be7 10.
d5 Na5 11. exf6 Bxf6 12. d6 cxd6 13. Qxd6 Be7 14. Qe5 O-O 15. O-O Nc6 16. Qh5 g6 17. Qh6 d5 18. Rd1 d4 19. Ne4 Bf5 20. Ng5 Bxg5 21. fxg5 Bxc2 22. Rd2 d3 23. Bf3 Re8 24. Qh4 Qd4+ 25. Qxd4 Nxd4 26. Kf2 Nxf3 27. gxf3 Re5 28.
b3 Rxg5 29. Rxc2 dxc2 30. Bxg5 1-0

[Event "*** Titled Tuesday 3|2 Blitz"]
[Site "Chess.com"]
[Date "2017.06.06"]
[Round "9"]
[White "hassler2"]
[Black "Blitzking4444"]
[Result "1-0"]
[WhiteElo "2295"]
[BlackElo "2017"]
[TimeControl "180+2"]
[EndTime "15:47:35 PDT"]
[Termination "hassler2 won by checkmate"]

1. Na3 e5 2. b3 Nf6 3. Bb2 Nc6 4. e3 a6 5. Nc4 d6 6. Nf3 b5 7. Na3 e4 8. Ng1 d5 9. Nb1 Bd6 10. Ne2 Qe7 11. h3 O-O 12. d4 g6 13. Nd2 Rb8 14.
g3 h5 15. Nf4 Bxf4 16. gxf4 Be6 17. a3 Ne8 18. b4 Nd6 19. Nb3 Ra8 20. Be2 Nb8 21.
Rg1 Kg7 22. Bxh5 Bxh3 23. Be2 Bf5 24. Nc5 Rh8 25. Qd2 Nd7 26. O-O-O Nxc5 27. dxc5+ f6 28. cxd6 cxd6 29. Qxd5 Rh2 30. Qxf5 Rxf2 31. Qxg6+ Kf8 32. Qg8# 1-0